[Event "VIII Iberoamericano Mexico 2022"]
[Site "Mexico City"]
[Date "2022.02.19"]
[Round "9.35"]
[White "Pla, Silvio"]
[Black "Macias Zamora, Jose Armando"]
[Result "1-0"]
[ECO "D00"]
[WhiteElo "2113"]
[BlackElo "1488"]
[Annotator "NA"]
[PlyCount "65"]
[EventDate "2022.02.12"]
[EventType "swiss"]
[EventCountry "MEX"]
[SourceTitle "playchess.com"]
[Source "ChessBase"]
[SourceQuality "1"]
[TimeControl "5400+30"]

1. d4 d5 2. Bf4 c5 3. e3 Nc6 4. c3 Nf6 5. Nd2 Bf5 6. Qb3 Qb6 7. dxc5 Qxb3 8. Nxb3 e5 9. Bg3 Ne4 10. Bb5 f6 11. O-O-O O-O-O 12. Bd3 Nxg3 13. hxg3 Bxd3 14. Rxd3 e4 15. Rd2 Ne5 16. Nh3 g5 17. Rhd1 Be7 18. Kb1 Nd3 19. Nc1 Nxc5 20. Rxd5 Rxd5 21. Rxd5 Rd8 22. Rxd8+ Bxd8 23. Kc2 Kd7 24. Ng1 f5 25. Nge2 Ke6 26. Nd4+ Ke5 27. b4 Nd7 28. f4+ exf3 29. gxf3 f4 30. Nd3+ Kf6 31. exf4 Bc7 32. fxg5+ Kxg5 33. Ne6+ 1-0

[Event "VIII Iberoamericano Mexico 2022"]
[Site "Mexico City"]
[Date "2022.02.19"]
[Round "9.36"]
[White "Davalos Prieto, Abel Justo"]
[Black "Jorajuria Mendoza, Zuben Algenubi"]
[Result "1/2-1/2"]
[ECO "D00"]
[WhiteElo "2103"]
[BlackElo "1582"]
[Annotator "NA"]
[PlyCount "67"]
[EventDate "2022.02.12"]
[EventType "swiss"]
[EventCountry "MEX"]
[SourceTitle "playchess.com"]
[Source "ChessBase"]
[SourceQuality "1"]
[TimeControl "5400+30"]

1. d4 d5 2. Bf4 Bf5 3. Nc3 Nf6 4. f3 e6 5. g4 Bg6 6. h4 h6 7. e3 Be7 8. Bd3 Bxd3 9. Qxd3 Nfd7 10. O-O-O Bxh4 11. Bxc7 Qxc7 12. Rxh4 Na6 13. a3 O-O-O 14. Nge2 Kb8 15. f4 Rc8 16. Rdh1 Rhg8 17. Rg1 Nb6 18. b3 Qe7 19. Rhh1 Qxa3+ 20. Kd2 Rc6 21. Ra1 Qe7 22. Qb5 Rgc8 23. Rhc1 Qc7 24. Qa5 Qd7 25. Nb5 g6 26. c3 f5 27. Rh1 Qg7 28. Rag1 Rh8 29. Nc1 Qd7 30. Nd3 Qd8 31. Ra1 Nd7 32. Qxd8+ Rxd8 33. Rxh6 Rg8 34. Rg1 1/2-1/2

[Event "VIII Iberoamericano Mexico 2022"]
[Site "Mexico City"]
[Date "2022.02.19"]
[Round "9.37"]
[White "Zacarias, M Ruben D"]
[Black "Herrera Aruca, Jorge Frank"]
[Result "1-0"]
[ECO "C02"]
[WhiteElo "2174"]
[BlackElo "1964"]
[Annotator "NA"]
[PlyCount "63"]
[EventDate "2022.02.12"]
[EventType "swiss"]
[EventCountry "MEX"]
[SourceTitle "playchess.com"]
[Source "ChessBase"]
[SourceQuality "1"]
[TimeControl "5400+30"]

1. e4 e6 2. d4 d5 3. e5 c5 4. c3 Qb6 5. Nf3 Nc6 6. a3 c4 7. Nbd2 Na5 8. g3 Bd7 9. Bg2 O-O-O 10. O-O f5 11. Ng5 Nh6 12. f4 Be7 13. Ndf3 Nb3 14. Rb1 Be8 15. Kh1 Nf7 16. Nxf7 Bxf7 17. Ng5 Be8 18. h4 h6 19. Nf3 Nxc1 20. Qxc1 Bh5 21. b3 cxb3 22. c4 Kb8 23. c5 Qb5 24. Qe3 g5 25. Rxb3 Qc6 26. Rfb1 Rd7 27. Bf1 Qc8 28. Ba6 gxh4 29. Qc3 Rc7 30. c6 Rxc6 31. Rxb7+ Ka8 32. Rb8+ 1-0

[Event "VIII Iberoamericano Mexico 2022"]
[Site "Mexico City"]
[Date "2022.02.19"]
[Round "9.38"]
[White "Alfaro, William"]
[Black "Santanna, Paulo"]
[Result "1/2-1/2"]
[ECO "B27"]
[WhiteElo "2143"]
[BlackElo "1928"]
[Annotator "NA"]
[PlyCount "33"]
[EventDate "2022.02.12"]
[EventType "swiss"]
[EventCountry "MEX"]
[SourceTitle "playchess.com"]
[Source "ChessBase"]
[SourceQuality "1"]
[TimeControl "5400+30"]

1. e4 c5 2. d4 cxd4 3. c3 g6 4. cxd4 d5 5. e5 Bg7 6. Nf3 Bg4 7. Bb5+ Nd7 8. Nc3 e6 9. Be2 a6 10. Bg5 Ne7 11. Qb3 Rb8 12. Qa3 Bxf3 13. Bxf3 h6 14. Bxe7 Qxe7 15. Qa5 O-O 16. O-O Qd8 17. Qxd8 1/2-1/2

[Event "VIII Iberoamericano Mexico 2022"]
[Site "Mexico City"]
[Date "2022.02.19"]
[Round "9.39"]
[White "Flores Irurso, Paul Josue"]
[Black "Vega Garcia, Jorge Arturo"]
[Result "0-1"]
[ECO "C53"]
[WhiteElo "1912"]
[BlackElo "2121"]
[Annotator "NA"]
[PlyCount "114"]
[EventDate "2022.02.12"]
[EventType "swiss"]
[EventCountry "MEX"]
[SourceTitle "playchess.com"]
[Source "ChessBase"]
[SourceQuality "1"]
[TimeControl "5400+30"]

1. e4 e5 2. Nf3 Nc6 3. Bc4 Bc5 4. c3 Qe7 5. O-O d6 6. d4 Bb6 7. Bg5 Nf6 8. d5 Nb8 9. Qd3 Nbd7 10. Nbd2 h6 11. Be3 O-O 12. Nh4 Nc5 13. Bxc5 Bxc5 14. b4 Bb6 15. Bb3 Nxd5 16. g3 Nf4 17. gxf4 Qxh4 18. f5 Kh8 19. Nf3 Qf4 20. Ne1 g6 21. Ng2 Qg4 22. Qd2 Kh7 23. fxg6+ fxg6 24. Rae1 Bd7 25. a4 a5 26. b5 Rf6 27. Bd1 Qh3 28. Ne3 Raf8 29. f3 Qh4 30. Kh1 Bh3 31. Nd5 R6f7 32. Nxb6 Bxf1 33. Rxf1 cxb6 34. Qe3 Qd8 35. c4 Qc7 36. Be2 Qc5 37. Qxc5 bxc5 38. Kg2 b6 39. Rd1 Rd8 40. Kg3 Kg7 41. Rd5 Kf8 42. Rd1 Ke7 43. h3 Rf4 44. Rd2 Rdf8 45. Rd1 R8f6 46. Rd3 g5 47. Rc3 h5 48. Re3 Kf7 49. Kg2 Kg6 50. Kg3 Rf8 51. Rd3 R8f6 52. Re3 Kh6 53. Kg2 g4 54. hxg4 hxg4 55. Kf2 Kg6 56. Kg2 Kg5 57. Kg3 Rxf3+ 0-1

[Event "VIII Iberoamericano Mexico 2022"]
[Site "Mexico City"]
[Date "2022.02.19"]
[Round "9.40"]
[White "Castellanos Hernandez, Emilio Au"]
[Black "Limon Olmos, Ivan Alonso"]
[Result "0-1"]
[ECO "D04"]
[WhiteElo "1939"]
[BlackElo "2106"]
[Annotator "NA"]
[PlyCount "89"]
[EventDate "2022.02.12"]
[EventType "swiss"]
[EventCountry "MEX"]
[SourceTitle "playchess.com"]
[Source "ChessBase"]
[SourceQuality "1"]
[TimeControl "5400+30"]

1. d4 d5 2. Nf3 Nf6 3. e3 c5 4. a3 cxd4 5. exd4 Nc6 6. c3 Bg4 7. Qb3 Qc7 8. Be2 Bxf3 9. Bxf3 Nxd4 10. Qa4+ Nc6 11. O-O e6 12. c4 dxc4 13. Bf4 Bd6 14. Bxd6 Qxd6 15. Rd1 Qc5 16. Bxc6+ Qxc6 17. Qxc6+ bxc6 18. Nd2 c3 19. bxc3 O-O-O 20. Nf3 Rxd1+ 21. Rxd1 Ne4 22. Ne5 Nxc3 23. Rd3 Rd8 24. Rxd8+ Kxd8 25. Nxc6+ Kc7 26. Nb4 a5 27. Nc2 Kb6 28. Kf1 Kb5 29. Ke1 Ka4 30. f4 Kb3 31. Kd2 Nb1+ 32. Kd3 Nxa3 33. Nd4+ Kb2 34. g4 a4 35. f5 exf5 36. gxf5 Nb1 37. Nb5 a3 38. Nxa3 Nxa3 39. f6 gxf6 40. Ke4 Nb5 41. Kf5 Nd6+ 42. Kxf6 Kc3 43. h4 Kd4 44. h5 Ke4 45. h6 0-1

[Event "VIII Iberoamericano Mexico 2022"]
[Site "Mexico City"]
[Date "2022.02.19"]
[Round "9.41"]
[White "Gutierrez Herrera, Jose Antonio"]
[Black "Mateos Lopez, Luis Javier"]
[Result "0-1"]
[ECO "B56"]
[WhiteElo "2059"]
[BlackElo "1910"]
[Annotator "NA"]
[PlyCount "66"]
[EventDate "2022.02.12"]
[EventType "swiss"]
[EventCountry "MEX"]
[SourceTitle "playchess.com"]
[Source "ChessBase"]
[SourceQuality "1"]
[TimeControl "5400+30"]

1. e4 c5 2. Nf3 d6 3. d4 cxd4 4. Nxd4 Nf6 5. Nc3 Nc6 6. Be3 Ng4 7. Bg5 Qb6 8. Be3 Nxe3 9. fxe3 e6 10. Qd2 Be7 11. O-O-O a6 12. Kb1 O-O 13. h4 Bd7 14. g4 Ne5 15. g5 Rac8 16. Be2 Qc7 17. Rdg1 b5 18. Rg2 b4 19. Nd1 a5 20. h5 Qb7 21. Nf2 a4 22. g6 fxg6 23. hxg6 h6 24. Bd3 Rf6 25. Ng4 Nxg4 26. Rxg4 e5 27. Rgh4 exd4 28. Rxh6 gxh6 29. Rxh6 Bf8 30. Rh8+ Kxh8 31. Qh2+ Bh3 32. Qxh3+ Kg8 33. Ba6 Rxg6 0-1

[Event "VIII Iberoamericano Mexico 2022"]
[Site "Mexico City"]
[Date "2022.02.19"]
[Round "9.42"]
[White "Martinez de La Trinidad, Alexandra"]
[Black "Zarate Manjarrez, Alfredo"]
[Result "1-0"]
[ECO "A43"]
[WhiteElo "1843"]
[BlackElo "2026"]
[Annotator "NA"]
[PlyCount "97"]
[EventDate "2022.02.12"]
[EventType "swiss"]
[EventCountry "MEX"]
[SourceTitle "playchess.com"]
[Source "ChessBase"]
[SourceQuality "1"]
[TimeControl "5400+30"]

1. d4 c5 2. d5 d6 3. e4 g6 4. a4 Bg7 5. h3 Nf6 6. Nc3 O-O 7. Nge2 e6 8. Ng3 exd5 9. exd5 Re8+ 10. Be2 Na6 11. O-O Nc7 12. Be3 b6 13. Qd2 Bb7 14. Bg5 Qd7 15. Bf3 a6 16. Rad1 b5 17. Qf4 b4 18. Bxf6 bxc3 19. bxc3 Bxf6 20. Qxf6 Re5 21. c4 Ne8 22. Qf4 f5 23. Rb1 Qc7 24. Rb3 Rd8 25. Rfb1 Bc8 26. Qd2 Qe7 27. Bd1 Nf6 28. Bf3 Re8 29. Re3 f4 30. Rxe5 Qxe5 31. Ne2 g5 32. Qc3 Kg7 33. Qxe5 dxe5 34. Nc3 e4 35. Be2 e3 36. f3 Bf5 37. Bd3 Kg6 38. Kf1 e2+ 39. Nxe2 Re3 40. Rb3 h5 41. Kf2 Re7 42. h4 Nd7 43. hxg5 Kxg5 44. Bxf5 Kxf5 45. Rb7 h4 46. Nc3 Re3 47. Ne4 Ne5 48. d6 Ra3 49. d7 1-0

[Event "VIII Iberoamericano Mexico 2022"]
[Site "Mexico City"]
[Date "2022.02.19"]
[Round "9.43"]
[White "Fernandez Rivero, Karla July"]
[Black "Hernandez Morales, Dillan"]
[Result "1/2-1/2"]
[ECO "A70"]
[WhiteElo "2025"]
[BlackElo "1846"]
[Annotator "NA"]
[PlyCount "75"]
[EventDate "2022.02.12"]
[EventType "swiss"]
[EventCountry "MEX"]
[SourceTitle "playchess.com"]
[Source "ChessBase"]
[SourceQuality "1"]
[TimeControl "5400+30"]

1. d4 Nf6 2. c4 e6 3. Nf3 c5 4. d5 exd5 5. cxd5 d6 6. Nc3 g6 7. e4 Bg7 8. h3 O-O 9. Bd3 b5 10. Nxb5 Re8 11. O-O Nxe4 12. Bxe4 Rxe4 13. Nc3 Re8 14. Bg5 f6 15. Bf4 Bf8 16. Re1 Rxe1+ 17. Qxe1 Nd7 18. Bxd6 Nb6 19. Bxf8 Kxf8 20. Qe3 Qe7 21. Qh6+ Qg7 22. Qxg7+ Kxg7 23. Re1 Kf8 24. Ne4 Nxd5 25. Nxc5 Rb8 26. b3 Kf7 27. Nd4 Ne7 28. a3 Rb6 29. b4 Nc6 30. Nc2 a5 31. Ne3 axb4 32. Nc4 Rb8 33. Nd6+ Kg7 34. axb4 Bf5 35. b5 Nd4 36. Re7+ Kg8 37. Rc7 Ne6 38. Rb7 1/2-1/2

[Event "VIII Iberoamericano Mexico 2022"]
[Site "Mexico City"]
[Date "2022.02.19"]
[Round "9.44"]
[White "Mares Arellano, Juan Antoni"]
[Black "Ocampo, Cristina"]
[Result "1-0"]
[ECO "D11"]
[WhiteElo "1812"]
[BlackElo "2024"]
[Annotator "NA"]
[PlyCount "83"]
[EventDate "2022.02.12"]
[EventType "swiss"]
[EventCountry "MEX"]
[SourceTitle "playchess.com"]
[Source "ChessBase"]
[SourceQuality "1"]
[TimeControl "5400+30"]

1. d4 d5 2. Nf3 Nf6 3. g3 Bf5 4. Bg2 e6 5. c4 c6 6. Nc3 h6 7. O-O Be7 8. e3 O-O 9. Qe2 Nbd7 10. Nd2 Bh7 11. b3 Re8 12. cxd5 Nxd5 13. Bb2 Bb4 14. Rfc1 Nxc3 15. Bxc3 Ba3 16. Rd1 Nf6 17. Nc4 Be7 18. a4 Nd5 19. Be1 a5 20. e4 Nb4 21. Bc3 Qc7 22. Rac1 Rad8 23. Qb2 Bf6 24. Ne3 h5 25. Bf3 Bg6 26. h4 Qb6 27. Bxb4 axb4 28. e5 Be7 29. Qa1 Rd7 30. Nc4 Qa7 31. a5 Bd8 32. a6 Ree7 33. axb7 Rxb7 34. Nd6 Rb8 35. Rxc6 Bb6 36. Nc8 Rxc8 37. Rxc8+ Kh7 38. Qxa7 Rxa7 39. Rc4 Ra3 40. Rxb4 Ba7 41. Rc1 Ra5 42. Ra4 1-0

[Event "VIII Iberoamericano Mexico 2022"]
[Site "Mexico City"]
[Date "2022.02.19"]
[Round "9.45"]
[White "Martin Del Campo C., Jorge"]
[Black "Ramirez Toledo, Ayleen Maribel"]
[Result "1-0"]
[ECO "B31"]
[WhiteElo "2019"]
[BlackElo "1810"]
[Annotator "NA"]
[PlyCount "77"]
[EventDate "2022.02.12"]
[EventType "swiss"]
[EventCountry "MEX"]
[SourceTitle "playchess.com"]
[Source "ChessBase"]
[SourceQuality "1"]
[TimeControl "5400+30"]

1. e4 c5 2. Nf3 Nc6 3. Bb5 g6 4. O-O Bg7 5. c3 a6 6. Bxc6 bxc6 7. h3 Nf6 8. d3 O-O 9. Be3 d6 10. Na3 h6 11. Qd2 Kh7 12. Nh2 Ng8 13. f4 f5 14. e5 dxe5 15. fxe5 Bxe5 16. Bxc5 Bc7 17. Rae1 Re8 18. Nc4 e5 19. Nf3 Qd5 20. Bb6 Bb8 21. Bf2 Bc7 22. Bg3 Bb7 23. Bxe5 Bxe5 24. Rxe5 Rxe5 25. Nfxe5 Re8 26. Re1 Nf6 27. Nf3 Rxe1+ 28. Qxe1 Qc5+ 29. Kf1 Ne4 30. Nfe5 Ng5 31. Qf2 Qd5 32. b4 Ne6 33. d4 Ng5 34. Qg3 Qe6 35. Nd2 Qxa2 36. Nec4 Qa1+ 37. Ke2 Ne4 38. Qc7+ Kg8 39. Qb8+ 1-0

[Event "VIII Iberoamericano Mexico 2022"]
[Site "Mexico City"]
[Date "2022.02.19"]
[Round "9.46"]
[White "Diaz Gonzalez Jardon, Emmanuel"]
[Black "Guerrero Rodriguez, Alejandra"]
[Result "0-1"]
[ECO "A56"]
[WhiteElo "1807"]
[BlackElo "2019"]
[Annotator "NA"]
[PlyCount "40"]
[EventDate "2022.02.12"]
[EventType "swiss"]
[EventCountry "MEX"]
[SourceTitle "playchess.com"]
[Source "ChessBase"]
[SourceQuality "1"]
[TimeControl "5400+30"]

1. d4 c5 2. d5 d6 3. c4 Nf6 4. Nc3 g6 5. Bg5 Bg7 6. Qd2 O-O 7. Bh6 e6 8. Bxg7 Kxg7 9. dxe6 Bxe6 10. e3 Nc6 11. O-O-O Qa5 12. Qxd6 Rfd8 13. Qf4 Rxd1+ 14. Kxd1 Nb4 15. a3 Rd8+ 16. Ke1 Nc2+ 17. Ke2 Nxa3 18. f3 Nxc4 19. Kf2 Nxb2 20. Qe5 Qxc3 0-1

[Event "VIII Iberoamericano Mexico 2022"]
[Site "Mexico City"]
[Date "2022.02.19"]
[Round "9.48"]
[White "Nava Ruiz, Miguel Angel"]
[Black "Huguet, Sergio"]
[Result "1-0"]
[ECO "D31"]
[WhiteElo "1696"]
[BlackElo "1977"]
[Annotator "NA"]
[PlyCount "63"]
[EventDate "2022.02.12"]
[EventType "swiss"]
[EventCountry "MEX"]
[SourceTitle "playchess.com"]
[Source "ChessBase"]
[SourceQuality "1"]
[TimeControl "5400+30"]

1. d4 d5 2. Nf3 e6 3. c4 c6 4. Nc3 dxc4 5. e4 b5 6. Be2 Bb4 7. O-O Nf6 8. Qc2 Nbd7 9. a4 Bxc3 10. bxc3 Bb7 11. e5 Nd5 12. Ng5 N7b6 13. Ne4 O-O 14. Ba3 Nxa4 15. Bxf8 Qxf8 16. Bxc4 Nab6 17. Bxd5 cxd5 18. Nd6 Bc6 19. Ra6 Qe7 20. Rb1 Qd7 21. Qb3 Nc4 22. Nxc4 dxc4 23. Qb4 Bxg2 24. Qxb5 Qxb5 25. Rxb5 Bd5 26. Rxa7 Rf8 27. f4 g6 28. Kf2 f5 29. exf6 Rxf6 30. Rb8+ Rf8 31. Rxf8+ Kxf8 32. Rxh7 1-0

[Event "VIII Iberoamericano Mexico 2022"]
[Site "Mexico City"]
[Date "2022.02.19"]
[Round "9.50"]
[White "Ruiz Ortiz, Gabriel Abraham"]
[Black "Fernandez Sanchez, Mario Andres"]
[Result "0-1"]
[ECO "B23"]
[WhiteElo "1709"]
[BlackElo "2093"]
[Annotator "NA"]
[PlyCount "54"]
[EventDate "2022.02.12"]
[EventType "swiss"]
[EventCountry "MEX"]
[SourceTitle "playchess.com"]
[Source "ChessBase"]
[SourceQuality "1"]
[TimeControl "5400+30"]

1. e4 c5 2. Nc3 Nc6 3. f4 g6 4. Bb5 Nd4 5. Nf3 Bg7 6. O-O Nxb5 7. Nxb5 d5 8. exd5 a6 9. Nc3 Nf6 10. d4 c4 11. Qe2 b5 12. Re1 Bb7 13. f5 Nxd5 14. Nxd5 Bxd5 15. Bg5 f6 16. Bh4 gxf5 17. Ng5 fxg5 18. Qh5+ Bf7 19. Qxg5 Qxd4+ 20. Kh1 O-O 21. Qxf5 Qxh4 22. Re3 Bg6 23. Qd5+ Kh8 24. Rh3 Qf6 25. g4 Rad8 26. Qb7 Qd4 27. Re1 Rf1+ 0-1

[Event "VIII Iberoamericano Mexico 2022"]
[Site "Mexico City"]
[Date "2022.02.19"]
[Round "9.51"]
[White "Cortes Rodriguez, Marco"]
[Black "Alvidrez Aguirre, Genaro"]
[Result "1/2-1/2"]
[ECO "A12"]
[WhiteElo "2001"]
[BlackElo "1880"]
[Annotator "NA"]
[PlyCount "115"]
[EventDate "2022.02.12"]
[EventType "swiss"]
[EventCountry "MEX"]
[SourceTitle "playchess.com"]
[Source "ChessBase"]
[SourceQuality "1"]
[TimeControl "5400+30"]

1. Nf3 d5 2. c4 c6 3. e3 Nf6 4. b3 g6 5. Bb2 Bg7 6. Be2 O-O 7. O-O Re8 8. d4 Bf5 9. Nbd2 Ne4 10. Nxe4 Bxe4 11. Nd2 Bf5 12. g4 Bc8 13. f4 c5 14. cxd5 cxd4 15. Bf3 dxe3 16. Bxg7 Kxg7 17. Nc4 Na6 18. Qd4+ Kg8 19. Nxe3 Qd6 20. Rac1 e5 21. fxe5 Qxe5 22. Qxe5 Rxe5 23. Nc4 Re8 24. Nd6 Rd8 25. Nxc8 Raxc8 26. Rxc8 Rxc8 27. d6 Rd8 28. Bxb7 Nc5 29. Bd5 Ne6 30. Bxe6 fxe6 31. Rd1 Kf7 32. Kf2 Ke8 33. Ke3 Kd7 34. Rc1 a5 35. Rc7+ Kxd6 36. Rxh7 Ke5 37. Rg7 Kf6 38. Ra7 Rd5 39. h4 Rb5 40. g5+ Kf5 41. Rf7+ Kg4 42. Rf4+ Kg3 43. Re4 e5 44. h5 gxh5 45. g6 h4 46. g7 Rb8 47. Rxe5 Kg4 48. Rxa5 Rg8 49. Ra7 Kg3 50. b4 h3 51. Ra6 Rxg7 52. Rh6 Ra7 53. Rg6+ Kh2 54. b5 Rxa2 55. b6 Rg2 56. Rh6 Rb2 57. Kf3 Rb3+ 58. Ke4 1/2-1/2